 Dungeon Crawl Stone Soup version 0.17.1-3-g152610e (webtiles) character file.

224 manyhoops the Magician (level 5, -2/28 HPs)
             Began as a Deep Elf Air Elementalist on Apr 7, 2016.
             Killed from afar by an orc wizard (7 damage)
             ... with a puff of frost
             ... on level 3 of the Dungeon.
             The game lasted 00:13:30 (2471 turns).

manyhoops the Magician (Deep Elf Air Elementalist)  Turns: 2471, Time: 00:13:31

Health: -2/28      AC:  3    Str:  5    XL:     5   Next: 67%
Magic:  13/15      EV: 13    Int: 23    God:
Gold:   146        SH:  0    Dex: 15    Spells: 3 memorised, 10 levels left

rFire  . . .     SeeInvis .     o - +0 dagger
rCold  . . .     Clarity  .     a - +0 robe
rNeg   . . .     SustAt   .     (no shield)
rPois  .         Gourm    +     s - +0 helmet
rElec  .         Spirit   .     (no cloak)
rCorr  .         Warding  .     (no gloves)
rMut   .         Stasis   .     (no boots)
MR     .....                    u - amulet of the gourmand
Stlth  ++........               (no ring)
                                t - +2 ring of intelligence

@: not resistant to hostile enchantments, unstealthy
A: no striking features
a: no special abilities


You were on level 3 of the Dungeon.
You were not hungry.

You visited 1 branch of the dungeon, and saw 3 of its levels.

You collected 146 gold pieces.

Inventory:

Hand Weapons
 o - a +0 dagger (weapon)
Armour
 a - a +0 robe (worn)
 s - a +0 helmet (worn)
Jewellery
 k - an uncursed amulet of faith
 t - a +2 ring of intelligence (left hand)
 u - an amulet of the gourmand (around neck)
 y - an uncursed amulet of warding
Scrolls
 d - 2 scrolls of recharging
 h - a scroll of enchant armour {unknown}
 i - 2 scrolls of teleportation
 j - a scroll of fog {unknown}
 q - a scroll of amnesia
 r - a scroll of random uselessness {unknown}
 v - 2 scrolls of remove curse
Potions
 e - a potion of heal wounds {unknown}
 g - a potion of degeneration {unknown}
 l - a potion of mutation {unknown}
 n - 2 potions of curing
 p - a potion of haste {unknown}
 w - 2 potions of agility {unknown}
 z - a potion of lignification {unknown}
Books
 b - a book of Air

   Spells                             Type                      Level
   a - Shock                          Conjuration/Air              1
   b - Swiftness                      Charms/Air                   2
   c - Repel Missiles                 Charms/Air                   2
   d - Static Discharge               Conjuration/Air              3
   e - Lightning Bolt                 Conjuration/Air              5
Comestibles
 c - 4 bread rations
 f - 2 fruits
 m - a royal jelly
 x - a slice of pizza


   Skills:
 - Level 2.4 Dodging
 - Level 2.4 Stealth
 * Level 6.2 Spellcasting
 + Level 2.9 Conjurations
 - Level 4.1 Air Magic


You had 10 spell levels left.
You knew the following spells:

 Your Spells              Type           Power        Failure   Level  Hunger
a - Shock                 Conj/Air       ###.         1%          1    None
b - Swiftness             Chrm/Air       ###.....     6%          2    None
c - Static Discharge      Conj/Air       ###.....     8%          3    #......


Dungeon Overview and Level Annotations

Branches:
Dungeon (3/15)

Altars:
Kikubaaqudgha
Ru


Message History

Unknown command.
Unknown command.
Casting: Shock
Confirm with . or Enter, or press ? or * to list all spells.
You can't see any susceptible monsters within range! (Use Z to cast anyway.)
Casting: Shock
Confirm with . or Enter, or press ? or * to list all spells.
You can't see any susceptible monsters within range! (Use Z to cast anyway.)
Casting: Shock
Confirm with . or Enter, or press ? or * to list all spells.
You don't know that spell.
Unknown command.
A puff of flame appears from out of thin air!
The puff of flame hits you!
A puff of frost appears from out of thin air!
The puff of frost hits you!
* * * LOW HITPOINT WARNING * * *
A puff of frost appears from out of thin air!
The puff of frost hits you!
You die...

#. #.....# #.# . #
#.....# #.# .# .#
#.....# #.# #.
#.....###.## ..
#.......#..#
#.#####.###.##.#
#.#.....# #.##)#
####.#.###.###.##.#
#..†.o.# #...@.##.#
#.##.#.###........#
#.##.#.....#.######
#....)...###.#
#.#.##.#####.#
####.#.##.# #...#
.....#....# #.###
..#######.###.##
... ..
.....#....##...#
.#.... #.


There were no monsters in sight!

Vanquished Creatures
  An ogre (D:3)
  Robin (D:2)
  3 adders
  2 worms (D:2)
  4 giant geckos
  An orc (D:3)
  2 giant cockroaches (D:3)
  21 goblins
  9 hobgoblins
  4 jackals
  4 kobolds
  A quokka (D:2)
  3 ball pythons
  9 bats
  4 giant newts
  19 rats
88 creatures vanquished.

Vanquished Creatures (others)
  A human (D:3)
1 creature vanquished.

Grand Total: 89 creatures vanquished

Notes
Turn   | Place    | Note
--------------------------------------------------------------
     0 | D:1      | manyhoops the Deep Elf Air Elementalist began the quest for the Orb.
     0 | D:1      | Reached XP level 1. HP: 10/10 MP: 6/6
    72 | D:1      | Reached XP level 2. HP: 15/15 MP: 0/8
   476 | D:1      | Reached XP level 3. HP: 19/19 MP: 5/10
   546 | D:1      | Learned a level 2 spell: Swiftness
   550 | D:1      | Learned a level 3 spell: Static Discharge
   632 | D:2      | You fall through a shaft!
   682 | D:3      | Reached skill level 4 in Spellcasting
   751 | D:3      | Noticed an ogre
  1165 | D:2      | Found a faded altar to an unknown god.
  1199 | D:2      | Noticed Robin
  1212 | D:2      | Reached XP level 4. HP: 24/24 MP: 4/12
  1349 | D:2      | Killed Robin
  1575 | D:2      | Found a sacrificial altar of Ru.
  1578 | D:2      | Reached skill level 5 in Spellcasting
  2116 | D:3      | Found an ancient bone altar of Kikubaaqudgha.
  2116 | D:3      | Noticed a human
  2119 | D:3      | Killed a human
  2242 | D:3      | Killed an ogre
  2242 | D:3      | Reached skill level 6 in Spellcasting
  2242 | D:3      | Reached XP level 5. HP: 11/28 MP: 4/15
  2471 | D:3      | Killed from afar by an orc wizard

Action                   |  1- 3 |  4- 6 || total
-------------------------+-------+-------++-------
Melee: Unarmed           |    29 |       ||    29
       Dagger            |     4 |     8 ||    12
 Cast: Shock             |    84 |    62 ||   146
       Static Discharge  |     2 |     4 ||     6
       Swiftness         |       |     1 ||     1
  Use: Scroll            |     1 |     4 ||     5
  Eat: Chunk             |       |     6 ||     6
